 Dungeon Crawl Stone Soup version 0.26.1-2-gb8aa6d0cf2 (webtiles) character file.

Game seed: 12414750337500501150

2857 Gadfly the Knight (level 9, -15/84 HPs)
             Began as an Ogre Monk on Feb 12, 2021.
             Was a Priest of Okawaru.
             Demolished by Psyche
             ... wielding a +1 dagger of distortion
              (24 damage)
             ... on level 8 of the Dungeon.
             The game lasted 00:17:51 (14782 turns).

Gadfly the Knight (Ogre Monk)                      Turns: 14782, Time: 00:17:52

Health: -15/84     AC: 15    Str: 23    XL:     9   Next: 75%
Magic:  11/13      EV: 12    Int: 17    God:    Okawaru [***...]
Gold:   774        SH:  0    Dex: 11    Spells: 8/8 levels left

rFire    . . .     SeeInvis .   a - +1 whip of Moderation {vorpal, rPois Str+3}
rCold    . . .     Faith    +   (no shield)
rNeg     . . .     Spirit   .   y - +0 swamp dragon scales
rPois    +         Reflect  .   (helmet restricted)
rElec    .         Harm     .   n - +1 cloak "Fenok" {Will++ Int+6}
rCorr    .         Rampage  .   (gloves unavailable)
Will     ++...                  (boots unavailable)
Stlth    ++........             e - amulet of faith
HPRegen  0.24/turn              m - ring of poison resistance
MPRegen  0.13/turn              (no ring)

@: heroism
A: large, unfitting armour, fangs 1, icy blue scales 1, tough skin 1
a: Renounce Religion, Heroism


You were on level 8 of the Dungeon.
You worshipped Okawaru.
Okawaru was most pleased with you.
You visited 2 branches of the dungeon, and saw 9 of its levels.
You also visited: Ossuary.

You collected 774 gold pieces.

Inventory:

Hand Weapons
 a - the +1 whip of Moderation (weapon) {vorpal, rPois Str+3}
   (You found it on level 5 of the Dungeon)

   It inflicts extra damage upon your enemies.
   It affects your strength (+3).
   It protects you from poison.
 b - a +0 hand axe of electrocution
 r - a +2 falchion of holy wrath
 t - a +0 morningstar
 x - a +2 vorpal flail
 z - the +0 mace "Voyntoff" {freeze, rF+ rC+ Str-3 SInv}
   (You found it on level 7 of the Dungeon)

   It has been specially enchanted to freeze those struck by it, causing extra
   injury to most foes and up to half again as much damage against particularly
   susceptible opponents.
   It can also slow down cold-blooded creatures.
   It affects your strength (-3).
   It protects you from fire.
   It protects you from cold.
   It lets you see invisible.
Missiles
 f - 187 stones
 j - 4 javelins (quivered)
 v - 8 boomerangs
Armour
 n - the +1 cloak "Fenok" (worn) {Will++ Int+6}
   (You found it on level 5 of the Dungeon)

   It affects your intelligence (+6).
   It affects your willpower, your defense against some magical effects.
 y - +0 swamp dragon scales (worn)
Jewellery
 e - an amulet of faith (around neck)
 l - an uncursed amulet of guardian spirit
 m - a ring of poison resistance (left hand)
 w - an uncursed ring of positive energy
Wands
 u - a wand of acid (9)
Scrolls
 c - 2 scrolls of fog
 d - 8 scrolls of teleportation
 k - a scroll of fear
 o - a scroll of remove curse
 p - a scroll of enchant armour
 q - a scroll of identify
 s - 3 scrolls of blinking
Potions
 g - 3 potions of curing
 h - a potion of flight
 i - 4 potions of mutation


   Skills:
 + Level 4.0(9.0) Fighting
 * Level 4.8(9.8) Maces & Flails
 + Level 6.1(11.1) Throwing
 * Level 4.9(9.9) Armour
 - Level 2.6(7.6) Dodging
 - Level 1.4(6.4) Stealth
 + Level 6.5 Invocations
 + Level 5.0 Evocations


You had 8 spell levels left.
You didn't know any spells.
Your spell library contained the following spells:

 Spells                   Type           Power        Failure   Level
 Magic Dart               Conj           0%           34%         1
 Searing Ray              Conj           0%           45%         2
 Dazzling Flash           Conj/Hex       0%           71%         3
 Fulminant Prism          Conj/Hex       0%           98%         4
 Iskenderun's Mystic Bla  Conj/Tloc      0%           98%         4


Dungeon Overview and Level Annotations

Branches:
Dungeon (8/15)             Temple (1/1) D:6         Ossuary (visited)
   Lair: D:8-11

Altars:
Ashenzari
Cheibriados
Dithmenos
Elyvilon
Fedhas
Gozag
Hepliaklqana
Kikubaaqudgha
Makhleb
Nemelex Xobeh
Okawaru
Qazlal
Ru
Sif Muna
Uskayaw
Vehumet
Wu Jian
Xom
Yredelemnul
The Shining One

Shops:
D:6 :

Portals:
Abyss: D:7

Annotations:
D:7 2 transporters, tozz's ghost, novice TeVM
D:8 Psyche


Innate Abilities, Weirdness & Mutations

You are too large for most types of armour.
You have tough skin. (AC +1)
You have very sharp teeth.
You are partially covered in icy blue scales. (AC +2)


Message History

Psyche is moderately wounded.
Aiming: Corrosive Bolt
Press: ? - help, Shift-Dir - straight line, f/p - Psyche
Aim: Psyche, wielding a +1 dagger of distortion and wearing a +2 robe of positive energy (moderately wounded, 33% to evade)
The bolt of acid misses Psyche.
Psyche hits you with a +1 dagger of distortion.
* * * LOW HITPOINT WARNING * * *
Space bends around you.
* * * LOW HITPOINT WARNING * * *
You feel better. Psyche hits you but does no damage.
Space warps horribly around you!
* * * LOW HITPOINT WARNING * * *
Psyche hits you but does no damage.
You feel better.
Psyche cries, "You've killed my pet!"
Psyche hits you but does no damage. Space bends around you.
* * * LOW HITPOINT WARNING * * *
You gain the combat prowess of a mighty hero.
Psyche hits you but does no damage. Space warps horribly around you!!
You die...

#....(##...# ..
.......#...##. .
#..<....#. .
#............# .##.
#...........####....
##......$...........
#................#
............@.....#
..##..#..##..@...#...
.. ...##.##...#.##
.....##.# #.....## #
#..... #....# #...#
##..


You could see Psyche.

Vanquished Creatures
  Joseph (D:7)
  Maggie (D:7)
  2 water moccasins
  A sky beast (D:7)
  2 ogres
  A phantom (D:3)
  A centaur (D:6)
  2 bullfrogs
  3 scorpions
  4 wights
  2 centaur zombies
  A human zombie (Ossuary)
  A bullfrog zombie (D:4)
  A hound (D:6)
  3 orc priests (D:3)
  2 jellies
  2 orc wizards
  3 iguanas
  9 worker ants
  A big kobold zombie (Ossuary)
  A hound skeleton (D:8)
  A hound zombie (Ossuary)
  4 mummies (Ossuary)
  A worker ant zombie (D:5)
  10 gnolls
  12 adders
  2 white imps
  2 oozes
  An adder skeleton (D:6)
  11 worms
  2 dart slugs (D:1)
  4 leopard geckos
  8 orcs
  A ball python (D:1)
  3 giant cockroaches
  A gnoll zombie (Ossuary)
  14 hobgoblins
  15 jackals
  5 kobolds
  3 quokkas
  A ball python skeleton (D:5)
  11 bats
  10 frilled lizards
  A giant cockroach zombie (D:6)
  8 goblins
  A goblin zombie (Ossuary)
  3 hobgoblin zombies (Ossuary)
  A jackal zombie (Ossuary)
  2 leopard gecko skeletons (D:4)
  An orc zombie (Ossuary)
  18 rats
  2 rat zombies (Ossuary)
203 creatures vanquished.

Notes
Turn   | Place    | Note
-------+----------+-------------------------------------------
     0 | D:1      | Gadfly the Ogre Monk began the quest for the Orb.
     0 | D:1      | Reached XP level 1. HP: 24/24 MP: 1/1
    91 | D:1      | Reached XP level 2. HP: 24/32 MP: 2/2
   559 | D:1      | Reached skill level 1 in Throwing
   559 | D:1      | Reached skill level 1 in Invocations
   651 | D:1      | Reached XP level 3. HP: 30/39 MP: 3/3
  1580 | D:2      | Reached skill level 1 in Armour
  1640 | D:2      | Reached skill level 1 in Evocations
  1640 | D:2      | Reached XP level 4. HP: 42/48 MP: 5/5
  3402 | D:3      | Reached XP level 5. HP: 52/54 MP: 6/6
  3458 | D:3      | Gained mutation: You have large cloven feet. [potion of
                  | mutation]
  3458 | D:3      | Gained mutation: You tend to lose your temper in combat.
                  | [potion of mutation]
  3458 | D:3      | Gained mutation: Your flesh is heat resistant. (rF+)
                  | [potion of mutation]
  3458 | D:3      | Gained mutation: Your mind is acute. (Int +2) [potion of
                  | mutation]
  4749 | D:4      | Reached XP level 6. HP: 45/62 MP: 5/7
  4802 | D:4      | Noticed a phantom
  5813 | D:3      | Killed a phantom
  5814 | D:3      | Reached XP level 7. HP: 23/70 MP: 5/9
  6142 | D:4      | Noticed a +0 hand axe
  6143 | D:4      | Noticed a +0 hand axe
  6184 | D:4      | Found a hide-covered altar of Uskayaw.
  6810 | D:4      | Found a broken altar of Ashenzari.
  7234 | D:5      | Entered Level 5 of the Dungeon
  7615 | D:5      | Got a crude whip
  7616 | D:5      | Identified the +1 whip of Moderation {vorpal, rPois Str+3}
                  | (You found it on level 5 of the Dungeon)
  7653 | D:5      | Found a sand-covered staircase.
  7661 | D:5      | Got a polished cloak
  7667 | D:5      | Identified the +1 cloak "Fenok" {Will++ Int+6} (You found
                  | it on level 5 of the Dungeon)
  7671 | Ossuary  | Entered an ossuary
  8428 | D:5      | Reached XP level 8. HP: 62/78 MP: 11/11
  8499 | D:5      | You fall into a shaft and drop 2 floors!
  8549 | D:7      | Found a transporter.
  8553 | D:7      | Found a one-way gate to the infinite horrors of the Abyss.
  8553 | D:7      | Noticed tozz's ghost (novice TeVM)
  8555 | D:7      | Noticed Joseph
  8557 | D:7      | Noticed a small abomination
  8600 | D:7      | Killed Joseph
  8817 | D:7      | Found a transporter.
  9192 | D:5      | Reached skill level 5 in Invocations
  9762 | D:5      | Reached skill level 5 in Throwing
  9918 | D:5      | Found a blossoming altar of Fedhas.
 10008 | D:5      | Found an opulent altar of Gozag.
 10354 | D:6      | Found Cathesimn's Book Shoppe.
 10712 | D:6      | Found a staircase to the Ecumenical Temple.
 10733 | Temple   | Entered the Ecumenical Temple
 10875 | Temple   | Became a worshipper of Warmaster Okawaru
 10875 | Temple   | Reached * piety under Okawaru
 10875 | Temple   | Reached ** piety under Okawaru
 11022 | D:6      | Found a stormy altar of Qazlal.
 11062 | Temple   | Reached XP level 9. HP: 14/84 MP: 2/13
 12400 | D:6      | Lost mutation: Your mind is acute. (Int +2) [potion of
                  | mutation]
 12400 | D:6      | Lost mutation: You tend to lose your temper in combat.
                  | [potion of mutation]
 12400 | D:6      | Lost mutation: You have large cloven feet. [potion of
                  | mutation]
 12400 | D:6      | Gained mutation: You are weak. (Str -2) [potion of
                  | mutation]
 12400 | D:6      | Gained mutation: You have an increased reservoir of magic.
                  | (+10% MP) [potion of mutation]
 12400 | D:6      | Lost mutation: You have an increased reservoir of magic.
                  | (+10% MP) [potion of mutation]
 12400 | D:6      | Gained mutation: You are strong-willed. (Will+) [potion of
                  | mutation]
 12401 | D:6      | Lost mutation: You are weak. (Str -2) [potion of mutation]
 12401 | D:6      | Lost mutation: You are strong-willed. (Will+) [potion of
                  | mutation]
 12401 | D:6      | Lost mutation: Your flesh is heat resistant. (rF+) [potion
                  | of mutation]
 12401 | D:6      | Gained mutation: You have very sharp teeth. [potion of
                  | mutation]
 12401 | D:6      | Gained mutation: You are partially covered in icy blue
                  | scales. (AC +2) [potion of mutation]
 12947 | D:7      | Found a snail-covered altar of Cheibriados.
 13323 | D:7      | Noticed Maggie
 13341 | D:7      | HP: 3/78 [Maggie/+0 scimitar (10)]
 13342 | D:7      | Killed Maggie
 13342 | D:7      | Reached *** piety under Okawaru
 14030 | D:7      | Found a sacrificial altar of Ru.
 14091 | D:7      | Found a white marble altar of Elyvilon.
 14394 | D:7      | Noticed a rakshasa
 14447 | D:7      | Found a shimmering altar of Xom.
 14447 | D:7      | Found a sparkling altar of Nemelex Xobeh.
 14449 | D:7      | Found an ancient bone altar of Kikubaaqudgha.
 14461 | D:7      | Reached skill level 5 in Evocations
 14695 | D:7      | Got a scorched mace
 14696 | D:7      | Identified the cursed +0 mace "Voyntoff" {freeze, rF+ rC+
                  | Str-3 SInv} (You found it on level 7 of the Dungeon)
 14755 | D:8      | Noticed Psyche
 14779 | D:8      | HP: 3/84 [Psyche/+1 dagger of distortion (13)]
 14782 | D:8      | Demolished by Psyche

Illustrated notes

Levels and vault maps discovered:
D:1:      minmay_arrival_solitary_statue, layout_basic, fountainhead,
          chequers_big_river, minmay_octomino_c4
D:2:      layout_loops_ring, grunt_ministairs_12
D:3:      layout_loops_ring
D:4:      layout_rooms, marbit_many_paths, dancing_weapons_uskayaw,
          cheibrodos_sewer_entry_bend
D:5:      layout_loops_ring, old_standard_altar, enter_ossuary_3, fedhas_altar_2
D:6:      kennysheep_spiral_hall, layout_layer_cave, temple_fountains,
          serial_shops, nicolae_shop_waterfront,
          nicolae_qazlal_style_of_elements
D:7:      layout_loops_ring, elyvilon_altar_4,
          chequers_temple_overflow_statue_of_worship, cheibriados_altar_1,
          gammafunk_ghost_abyssal_escape, amcnicky_altar_gilded, uniq_joseph,
          uniq_maggie
D:8:      layout_cave_pools, grunt_decor_cap, uniq_harold, uniq_psyche
Temple:   minmay_temple_bridge_abc

Skill      XL: |  1  2  3  4  5  6  7  8  9 |
---------------+----------------------------+-----
Throwing       | 1 2 3 5 6 |  6.1
Invocations    | 1 2 3 4 5 6 |  6.5
Armour         | 1 2 3 4 |  4.9
Evocations     | 1 2 3 4 5 |  5.0
Maces & Flails | 3 4 |  4.8
Fighting       | |  4.0
Dodging        | |  2.6
Stealth        | |  1.4

Action                   |  1- 3 |  4- 6 |  7- 9 || total
-------------------------+-------+-------+-------++-------
Melee: Mace              |   124 |   216 |       ||   340
       Kick              |       |    25 |   119 ||   144
       Morningstar       |       |    26 |    92 ||   118
       Spear             |       |    18 |       ||    18
       Whip              |       |       |   368 ||   368
       Hand axe          |       |       |    83 ||    83
       Bite              |       |       |    18 ||    18
       Flail             |       |       |     7 ||     7
Throw: Stone             |     6 |     4 |     3 ||    13
       Javelin           |       |       |     2 ||     2
Invok: Heroism           |       |       |     1 ||     1
Evoke: Wand              |       |       |     3 ||     3
  Use: Scroll            |     5 |     6 |     9 ||    20
       Potion            |       |     2 |    11 ||    13
 Stab: Sleeping          |     3 |     5 |     1 ||     9
Armor: Robe              |    39 |    66 |   146 ||   251
       Skin              |       |       |     6 ||     6
       Swamp dragon scal |       |       |    37 ||    37
Dodge: Dodged            |   105 |   172 |   308 ||   585
